 Dungeon Crawl Stone Soup version 0.30-a0-23-ge60ba3568b (webtiles) character file.

Game seed: 15531756407688641372

296 Setbun the Cudgeller (level 6, -3/51 HPs)
             Began as a Minotaur Fighter on Aug 25, 2022.
             Was an Initiate of Okawaru.
             Slain by an orc
             ... wielding a +0 flail
              (5 damage)
             ... on level 5 of the Dungeon.
             The game lasted 00:02:36 (3344 turns).

Setbun the Cudgeller (Minotaur Fighter)             Turns: 3344, Time: 00:02:36

Health: -3/51      AC: 10    Str: 23    XL:     6   Next: 12%
Magic:  5/5        EV:  7    Int:  5    God:    Okawaru [......]
Gold:   238        SH:  4    Dex:  9    Spells: 5/5 levels left

rFire   . . .      SeeInvis .    a - +0 flail
rCold   . . .      Faith    .    c - +0 buckler
rNeg    + . .      Spirit   .    f - +0 chain mail
rPois   .          Reflect  .    (helmet restricted)
rElec   .          Harm     .    (no cloak)
rCorr   .          Rampage  .    p - +0 pair of gloves
Will    .....                    (no boots)
Stlth   ..........               (no amulet)
HPRegen 0.17/turn                n - ring of positive energy
MPRegen 0.09/turn                (no ring)

@: no status effects
A: horns 2, retaliatory headbutt
a: Renounce Religion


You were on level 5 of the Dungeon.
You worshipped Okawaru.
Okawaru was noncommittal.
You visited 2 branches of the dungeon, and saw 6 of its levels.

You collected 238 gold pieces.

Inventory:

Hand Weapons
 a - a +0 flail (weapon)
Armour
 c - a +0 buckler (worn)
 f - a +0 chain mail (worn)
 p - a +0 pair of gloves (worn)
Jewellery
 i - a ring of ice
 n - a ring of positive energy (left hand)
Scrolls
 b - a scroll of summoning {unknown}
 e - 7 scrolls of identify {unknown}
 g - a scroll of noise {unknown}
 j - 3 scrolls of teleportation {unknown}
 m - a scroll of poison {unknown}
 o - a scroll of amnesia {unknown}
 q - a scroll of vulnerability {unknown}
 r - a scroll of enchant weapon {unknown}
 t - a scroll of magic mapping {unknown}
Potions
 d - 3 potions of might
 h - 6 potions of curing {unknown}
 k - 2 potions of attraction {unknown}
 l - 2 potions of lignification {unknown}
 s - a potion of degeneration {unknown}


   Skills:
 - Level 3.6 Fighting
 * Level 7.8 Maces & Flails
 - Level 3.6 Armour
 - Level 3.6 Shields


You had 5 spell levels left.
You didn't know any spells.
Your spell library contained the following spells:

 Spells                   Type           Power      Damage    Failure   Level
 Sandblast                Erth           0%         2d4       99%         1
 Passwall                 Tmut/Erth      0%         N/A       100%        2
 Stone Arrow              Conj/Erth      0%         3d7       100%        3
 Leda's Liquefaction      Hex/Erth       0%         N/A       100%        4
 Lee's Rapid Deconstruct  Erth           0%         3d5*      100%        5
 Statue Form              Tmut/Erth      0%         N/A       100%        6


Dungeon Overview and Level Annotations

Branches:
Dungeon (5/15)             Temple (1/1) D:4

Altars:
Ashenzari
Cheibriados
Gozag
Hepliaklqana
Kikubaaqudgha
Okawaru
Qazlal
Ru
Sif Muna
Trog
Uskayaw
Vehumet
Wu Jian
Xom
Yredelemnul
Zin

Shops:
D:3 !

Annotations:
D:4 3 runed translucent doors, Dermit's ghost, amateur SpVM


Innate Abilities, Weirdness & Mutations

You have a pair of horns on your head.
You reflexively headbutt those who attack you in melee.


Message History

The orc hits you with a +0 hand axe.
You are too injured to fight recklessly!
You are too injured to fight recklessly!
You are too injured to fight recklessly!
You are too injured to fight recklessly!
You are too injured to fight recklessly!
You are too injured to fight recklessly!
You are too injured to fight recklessly!
You are too injured to fight recklessly!
You are too injured to fight recklessly!
You are too injured to fight recklessly!
You are too injured to fight recklessly!
You are too injured to fight recklessly!
You are too injured to fight recklessly!
You are too injured to fight recklessly!
You are too injured to fight recklessly!
Unknown command.
The orc priest hits you but does no damage.
The orc hits you with a +0 flail. The orc hits you with a +0 hand axe.
* * * LOW HITPOINT WARNING * * *
You hit the orc priest but do no damage.
Your headbutt misses the orc priest.
The orc priest mumbles some strange prayers to Beogh against you.
Beogh smites you!
* * * LOW HITPOINT WARNING * * *
The orc hits you with a +0 flail.
* * * LOW HITPOINT WARNING * * *
You block the orc's attack.
You hit the orc priest but do no damage.
The orc priest hits you with a +0 short sword.
* * * LOW HITPOINT WARNING * * *
The orc closely misses you. You furiously retaliate!
You headbutt the orc!
You kill the orc!
Okawaru accepts your kill. The orc hits you but does no damage.
You hit the orc priest but do no damage.
You headbutt the orc priest, but do no damage.
The orc priest hits you but does no damage.
The orc hits you with a +0 flail.
You die...

# .##. [...## #
..!. #########
..##..# #.......#
.......####)......#
.......?...@o.....#
#......<..o.......#
#.......###$....[.#
.......## #.......#
#...... ....#.###
#.~.... ~.....#
≈≈≈≈~~. ~.~~≈≈≈
≈≈≈≈~~~ ≈.≈~~≈≈≈≈
#..~...


You could see an orc priest and an orc.

Vanquished Creatures
  An ogre (D:3)
  A necrophage (D:4)
  A hound (D:4)
  An iguana (D:3)
  4 gnolls (D:4)
  2 adders
  A worm (D:3)
  2 dart slugs
  2 orcs
  7 endoplasms
  3 giant cockroaches
  4 goblins
  4 hobgoblins
  2 jackals (D:2)
  6 quokkas
  3 ball pythons (D:1)
  5 bats
  7 frilled lizards
  10 kobolds
  10 rats
76 creatures vanquished.

Vanquished Creatures (others)
  A fungus (D:4)
  2 plants (D:4)
  3 toadstools (D:5)
6 creatures vanquished.

Grand Total: 82 creatures vanquished

Notes
Turn   | Place    | Note
-------+----------+-------------------------------------------
     0 | D:1      | Setbun the Minotaur Fighter began the quest for the Orb.
     0 | D:1      | Reached XP level 1. HP: 19/19 MP: 0/0
   146 | D:1      | Reached skill level 3 in Maces & Flails
   158 | D:1      | Reached XP level 2. HP: 24/26 MP: 1/1
   376 | D:1      | Reached skill level 4 in Maces & Flails
   451 | D:1      | Reached XP level 3. HP: 30/31 MP: 2/2
   532 | D:1      | Found a faded altar of an unknown god.
  1101 | D:2      | Found a broken altar of Ashenzari.
  1196 | D:2      | Reached skill level 5 in Maces & Flails
  1531 | D:3      | Noticed an ogre
  1537 | D:3      | Killed an ogre
  1538 | D:3      | Reached skill level 6 in Maces & Flails
  1538 | D:3      | Reached XP level 4. HP: 39/39 MP: 3/3
  1538 | D:3      | Reached XP level 5. HP: 45/45 MP: 4/4
  1587 | D:3      | Found Qacleroj's Distillery.
  1905 | D:3      | Reached skill level 7 in Maces & Flails
  2430 | D:4      | Found a runed translucent gate.
  2431 | D:4      | Found a runed translucent gate.
  2432 | D:4      | Found a runed translucent gate.
  2433 | D:4      | Noticed Dermit's ghost (amateur SpVM)
  2794 | D:4      | Found a staircase to the Ecumenical Temple.
  2848 | D:4      | Reached XP level 6. HP: 51/51 MP: 5/5
  3022 | D:5      | Entered Level 5 of the Dungeon
  3094 | Temple   | Entered the Ecumenical Temple
  3233 | Temple   | Became a worshipper of Warmaster Okawaru
  3343 | D:5      | HP: 2/51 [orc priest/+0 short sword (1)]
  3344 | D:5      | Slain by an orc

Illustrated notes

Levels and vault maps discovered:
D:1:      dpeg_arrival_rooms_a, layout_loops_ring, basic_ecumenical_altar,
          corexii_hall_statues_t, minmay_heptomino_w4
D:2:      layout_rooms, serial_rivers, chequers_serial_rivers_micro_e,
          chequers_serial_rivers_small_b, chequers_serial_rivers_large_a,
          chequers_serial_rivers_small_b, basic_altar, st_stairs_7
D:3:      minmay_angry_zag, layout_rooms, serial_shops,
          nicolae_shop_hallway_stairs, minmay_misc_feat_room
D:4:      layout_gridville, lemuel_temple_firewalk_b,
          gammafunk_ghost_nasty_kobolds
D:5:      corexii_shack_village, layout_rooms, grunt_decor_one_mirror,
          minmay_gold_behind_fungi, st_stairs_3, chequers_serial_rivers_small_3
Temple:   nicolae_temple_elliptical

Skill      XL: |  1  2  3  4  5 |
---------------+----------------+-----
Maces & Flails | 3 4 6 7 |  7.8
Fighting       | |  3.6
Armour         | |  3.6
Shields        | |  3.6

Action                   |  1- 3 |  4- 6 || total
-------------------------+-------+-------++-------
Melee: Flail             |   123 |    65 ||   188
       Headbutt          |    13 |     9 ||    22
Armor: Chain mail        |    67 |    34 ||   101
       Scale mail        |     6 |       ||     6
Dodge: Dodged            |    37 |    24 ||    61
Block: Buckler           |    31 |    20 ||    51

Table legend: (Time is in decaauts)
 A = Elapsed time spent in this place.
 B = Non-inter-level travel time spent in this place.
 C = Inter-level travel time spent in this place.
 D = Time resting spent in this place.
 E = Time spent auto-exploring this place.
 F = Levels seen in this place.
 G = Mean time per level.
                   A        B        C        D        E       F      G
               +--------+--------+--------+--------+--------+-----+--------+
         Total |   3393 |   3083 |    310 |      0 |   2604 |   6 |  565.5 |
       Dungeon |   3241 |   2953 |    288 |      0 |   2491 |   5 |  648.2 |
        Temple |    151 |    130 |     21 |      0 |    113 |   1 |  151.0 |
               +--------+--------+--------+--------+--------+-----+--------+

Top non-repeatable levels by time:
     D:4: 1097 daAuts
     D:1: 955 daAuts
     D:2: 616 daAuts
     D:3: 559 daAuts
  Temple: 151 daAuts
     D:5: 13 daAuts
